 Dungeon Crawl Stone Soup version 0.30.1-11-g7821555f0a (webtiles) character file.

Game seed: 8884938932370137276

11822 merdmerd the Basher (level 11, -5/148 HPs)
             Began as a Minotaur Berserker on Jan 3, 2024.
             Was a High Priest of Trog.
             Constricted to death by Jorgrun (6 damage)
             ... on level 12 of the Dungeon.
             The game lasted 00:30:10 (9864 turns).

merdmerd the Basher (Minotaur Berserker)            Turns: 9864, Time: 00:30:11

Health: -5/148     AC: 15    Str: 30    XL:     11   Next: 54%
Magic:  10/10      EV: 12    Int:  4    God:    Trog [*****.]
Gold:   522        SH:  0    Dex: 12    Spells: 10/10 levels left

rFire   . . .        S - +2 executioner's axe (flame)
rCold   . . .        (shield currently unavailable)
rNeg    . . .        G - +0 plate armour
rPois   .            (helmet restricted)
rElec   .            (no cloak)
rCorr   .            (no gloves)
SInv    .            (no boots)
Will    .....        w - amulet of the acrobat Stlth
                     g - +5 ring of evasion
HPRegen 0.44/turn    p - +6 ring of strength
MPRegen 0.12/turn

%: acrobat
@: berserking (expiring), grasped by roots, constricted, very quick
A: horns 2, retaliatory headbutt
a: Renounce Religion, Berserk, Trog's Hand, Brothers in Arms


You were on level 12 of the Dungeon.
You worshipped Trog.
Trog was extremely pleased with you.
You visited 1 branch of the dungeon, and saw 12 of its levels.

You collected 778 gold pieces.
You spent 256 gold pieces at shops.

Inventory:

Hand Weapons
 a - a +0 mace
 x - a +5 scythe of distortion
 O - a +0 flail
 R - a +0 battleaxe
 S - a +2 executioner's axe of flaming (weapon)
 W - a +0 great mace
Missiles
 N - 2 throwing nets (quivered)
Armour
 b - a +0 animal skin
 j - a +0 ring mail
 s - a +0 chain mail
 y - a +0 buckler
 D - a +0 scale mail
 G - a +0 plate armour (worn)
 T - a +0 kite shield
Jewellery
 g - a +5 ring of evasion (left hand)
 h - a ring of flight
 p - a +6 ring of strength (right hand)
 w - an amulet of the acrobat (around neck)
 F - an amulet of magic regeneration
 H - a +4 ring of protection
 I - an amulet of reflection
 U - a ring of positive energy
Wands
 L - a wand of polymorph (20)
 P - a wand of flame (24)
Scrolls
 c - 6 scrolls of amnesia
 d - 6 scrolls of identify
 i - 2 scrolls of vulnerability
 k - 2 scrolls of enchant weapon
 l - a scroll of magic mapping {unknown}
 n - a scroll of torment {unknown}
 q - 6 scrolls of teleportation
 r - 5 scrolls of noise
 t - a scroll of fear {unknown}
 v - 3 scrolls of fog
 J - 8 scrolls of immolation
 K - 3 scrolls of enchant armour
 Q - 3 scrolls of blinking {unknown}
 V - a scroll of brand weapon {unknown}
 X - a scroll of poison {unknown}
Potions
 e - 2 potions of haste {unknown}
 f - 5 potions of might
 m - 2 potions of berserk rage
 o - 3 potions of curing
 u - 4 potions of heal wounds
 z - 2 potions of degeneration
 A - 4 potions of invisibility
 B - 2 potions of mutation {unknown}
 C - 2 potions of resistance
 E - a potion of flight {unknown}
 M - 3 potions of brilliance


   Skills:
 + Level 9.8 Fighting
 + Level 8.9(12.1) Axes
 + Level 12.9(14.0) Maces & Flails
 + Level 11.4 Armour
 + Level 5.5 Dodging
 + Level 1.5 Stealth
 + Level 3.5 Shields


You had 10 spell levels left.
You didn't know any spells.
Your spell library was empty.

Dungeon Overview and Level Annotations

Branches:
Dungeon (12/15)            Temple (0/1) D:6            Lair (0/5) D:10
    Orc (0/2) D:12

Altars:
Fedhas
Sif Muna
Trog
Wu Jian
Xom
Yredelemnul

Shops:
D:4 !*   D:8 =   D:10 ([

Portals:
Bailey: D:7

Annotations:
D:2 1 exclusion
D:12 Azrael, Jorgrun


Innate Abilities, Weirdness & Mutations

You have a pair of horns on your head.
You reflexively headbutt those who attack you in melee.


Message History

You feel yourself moving faster!
You feel mighty!
You hear an angry buzzing noise.
The centaur shoots an arrow.
The arrow hits you but does no damage.
You barely miss Jorgrun.
The centaur shoots an arrow.
The arrow closely misses you. Jorgrun hits you but does no damage.
You closely miss Jorgrun. Your headbutt misses Jorgrun.
The centaur shoots an arrow.
The arrow hits you!
The centaur shoots an arrow.
The arrow closely misses you.
You closely miss Jorgrun. Jorgrun casts a spell next to you.
The wall shatters!
The blast of rock fragments hits you!
You slice Jorgrun!! You burn Jorgrun!
Jorgrun is moderately wounded.
Jorgrun says, "May tha earth consume ye!"
Jorgrun hits you with a +0 heavy quarterstaff!!
You slash Jorgrun! You burn Jorgrun! You headbutt Jorgrun!
Jorgrun is heavily wounded.
The centaur shoots an arrow.
The arrow hits you!
You cut Jorgrun into ribbons!!! You burn Jorgrun!
Jorgrun is almost dead.
You hear an angry buzzing noise. x2
The centaur shoots an arrow.
The arrow closely misses you.
The centaur shoots an arrow.
The arrow completely misses you. Jorgrun casts a spell at you.
Roots burst forth from the earth!
The grasping roots grab you! The grasping roots constrict you!
You are too injured to fight recklessly!
You are too injured to fight recklessly!
You are too injured to fight recklessly!
You are too injured to fight recklessly!
You barely miss Jorgrun. You headbutt Jorgrun, but do no damage.
Jorgrun is almost dead.
A centaur comes into view.
The centaur shoots an arrow.
The arrow hits you but does no damage.
Jorgrun points at you and mumbles some strange words.
The iron shot hits you!!!
* * * LOW HITPOINT WARNING * * *
The grasping roots constrict you.
You die...

...........# #.#
##.........# #.#
...........###.# ###
#..........##.# #..
#..##.<##..##.## #.#
..##..##....... #.#
#..##..##.###.## #.#
###g..##......)..# #.#
##.@>..###.##.#####
######.###..#.....c......#
#...........#.#c###.##.#>#
#.####.##............#.#.#
#.#.##.#.#####..#.#.#
#..###...# #..#.#.#
#........#####..#.#.#
#.####............#.# #.#
#....####..###.#


You could see Jorgrun and 2 centaurs.

Vanquished Creatures
  The ghost of JordanG8 the Cleaver, a novice HOFi of Makhleb (D:10)
  3 two-headed ogres
  A deep elf pyromancer (D:9)
  An ugly thing (D:12)
  2 cyclopes
  A manticore (D:11)
  A gargoyle (D:11)
  A komodo dragon (D:10)
  An unseen horror (D:11)
  Psyche (D:12)
  Grinder (D:6)
  3 trolls
  Prince Ribbit (D:6)
  Sigmund (D:5)
  A wraith (D:9)
  4 yaks
  A wyvern (D:10)
  A fire elemental (D:12)
  4 vampire mosquitoes (D:12)
  2 wargs (D:12)
  A water moccasin (D:7)
  A sky beast (D:7)
  2 orc warriors (D:8)
  A black bear (D:5)
  An ice beast (D:4)
  5 ogres
  4 centaurs
  2 bullfrogs (D:8)
  A kobold brigand (D:8)
  A scorpion (D:5)
  10 killer bees
  2 howler monkeys (D:7)
  3 hounds
  2 jellies
  9 orc priests
  3 sleepcaps
  A gnoll bouda (D:8)
  7 iguanas
  15 orc wizards
  Robin (D:2)
  7 gnolls
  19 adders
  An ufetubus (D:7)
  3 dart slugs
  2 worms
  47 orcs
  6 bats
  7 endoplasms
  A giant cockroach (D:1)
  19 goblins
  18 hobgoblins
  3 jackals (D:4)
  14 kobolds
  4 quokkas
  2 ball pythons
  3 frilled lizards
  6 rats
266 creatures vanquished.

Notes
Turn   | Place    | Note
-------+----------+-------------------------------------------
     0 | D:1      | merdmerd the Minotaur Berserker began the quest for the
                  | Orb.
     0 | D:1      | Reached XP level 1. HP: 19/19 MP: 0/0
   408 | D:1      | Reached skill level 4 in Maces & Flails
   408 | D:1      | Reached XP level 2. HP: 26/27 MP: 1/1
   984 | D:2      | Reached XP level 3. HP: 33/33 MP: 2/2
  1090 | D:2      | Noticed Robin
  1092 | D:2      | Reached ** piety under Trog
  1118 | D:2      | Killed Robin
  1119 | D:2      | Reached skill level 5 in Maces & Flails
  1119 | D:2      | Reached XP level 4. HP: 10/40 MP: 3/3
  1592 | D:3      | Identified the +1 robe "Eshyatom" {Contam rPois Will+
                  | rCorr}
  1709 | D:3      | Reached XP level 5. HP: 42/47 MP: 4/4
  2025 | D:3      | Reached skill level 6 in Maces & Flails
  2459 | D:4      | Noticed an ogre
  2462 | D:4      | Killed an ogre
  2463 | D:4      | Reached XP level 6. HP: 53/53 MP: 5/5
  2505 | D:4      | Reached *** piety under Trog
  2606 | D:4      | Reached skill level 5 in Fighting
  2719 | D:4      | Reached skill level 7 in Maces & Flails
  2743 | D:4      | Found Xoaraer's Distillery.
  2768 | D:4      | Bought a potion of curing for 33 gold pieces
  2768 | D:4      | Bought a potion of heal wounds for 55 gold pieces
  2782 | D:4      | Found Mainn's CLEARANCE SALE!.
  2790 | D:4      | Bought a scroll of enchant weapon for 15 gold pieces
  2989 | D:5      | Entered Level 5 of the Dungeon
  2996 | D:5      | Reached XP level 7. HP: 61/61 MP: 6/6
  3033 | D:5      | Reached skill level 8 in Maces & Flails
  3239 | D:5      | Noticed Sigmund
  3347 | D:5      | Killed Sigmund
  3348 | D:5      | Reached skill level 5 in Armour
  3348 | D:5      | Reached XP level 8. HP: 70/70 MP: 7/7
  3426 | D:5      | Reached skill level 9 in Maces & Flails
  3427 | D:5      | Reached **** piety under Trog
  4054 | D:5      | Reached skill level 10 in Maces & Flails
  4223 | D:6      | Noticed a two-headed ogre
  4231 | D:6      | Killed a two-headed ogre
  4232 | D:6      | Reached skill level 5 in Dodging
  4232 | D:6      | Reached skill level 1 in Stealth
  4232 | D:6      | Reached XP level 9. HP: 79/79 MP: 8/8
  4278 | D:6      | Noticed Grinder
  4305 | D:6      | Killed Grinder
  4306 | D:6      | Reached skill level 11 in Maces & Flails
  4360 | D:6      | Found a shimmering blue altar of Sif Muna.
  4382 | D:6      | Identified the +9 quarterstaff "Ozxief" {holy, rPois rF+++
                  | MP+9 Str-4}
  4469 | D:6      | Noticed Prince Ribbit
  4478 | D:6      | Killed Prince Ribbit
  4482 | D:6      | Found a staircase to the Ecumenical Temple.
  4582 | D:6      | Found an ornate altar of the Wu Jian Council.
  4583 | D:6      | Found a shimmering altar of Xom.
  4583 | D:6      | Found a bloodstained altar of Trog.
  4586 | D:6      | Found a blossoming altar of Fedhas.
  5165 | D:7      | Reached skill level 1 in Shields
  5550 | D:7      | Found a flagged portal.
  5632 | D:8      | Found Zeodulekk's Jewellery Boutique.
  5882 | D:8      | Reached ***** piety under Trog
  6163 | D:8      | Reached XP level 10. HP: 46/88 MP: 9/9
  6462 | D:9      | Reached skill level 12 in Maces & Flails
  6933 | D:9      | Reached skill level 10 in Armour
  7028 | D:9      | Noticed a deep elf pyromancer
  7036 | D:9      | Killed a deep elf pyromancer
  7043 | D:9      | Received a gift from Trog
  7467 | D:10     | Entered Level 10 of the Dungeon
  7494 | D:10     | Reached skill level 1 in Axes
  7611 | D:10     | Found Rixicz Cuhu's Antique Armour Boutique.
  7616 | D:10     | Bought a kite shield for 153 gold pieces
  7622 | D:10     | Found a staircase to the Lair.
  7697 | D:10     | Found a basalt altar of Yredelemnul.
  7797 | D:10     | Noticed a cyclops
  7801 | D:10     | Noticed JordanG8's ghost (novice HOFi)
  7803 | D:10     | Killed a cyclops
  7842 | D:10     | Found a runed translucent door.
  7939 | D:10     | Found Perph's Antique Weapon Boutique.
  8125 | D:10     | Killed JordanG8's ghost
  8126 | D:10     | Reached skill level 5 in Axes
  8276 | D:11     | Noticed a gargoyle
  8281 | D:11     | Killed a gargoyle
  8282 | D:11     | Reached XP level 11. HP: 97/97 MP: 10/10
  8314 | D:11     | Noticed a two-headed ogre
  8321 | D:11     | Killed a two-headed ogre
  8498 | D:11     | Noticed a two-headed ogre
  8504 | D:11     | Killed a two-headed ogre
  8581 | D:11     | Identified the +7 dagger "Ugadan" {drain, rPois rF+}
  8870 | D:12     | Noticed Psyche
  8874 | D:12     | Killed Psyche
  8963 | D:12     | Found a staircase to the Orcish Mines.
  9119 | D:12     | Noticed a brown ugly thing
  9127 | D:12     | Killed a brown ugly thing
  9213 | D:12     | Noticed Azrael
  9224 | D:12     | Noticed Jorgrun
  9864 | D:12     | HP: 1/148 [Jorgrun/iron shot (70)]
  9864 | D:12     | Constricted to death by Jorgrun

Illustrated notes

Levels and vault maps discovered:
D:1:      matt_arrival_refuge, layout_rooms, minmay_misc_feat_four_crosses
D:2:      layout_loops_cross, uniq_robin
D:3:      layout_loops_ring, minmay_quantized
D:4:      layout_gridville, serial_shops, nicolae_stop_n_shop_1,
          nicolae_shop_clearance
D:5:      layout_loops_ring, minmay_divided_ellipse, uniq_sigmund
D:6:      layout_loops_ring, nicolae_sif_muna_condensation, minitemple,
          minmay_temple_entry_poolview, uniq_grinder, uniq_prince_ribbit1
D:7:      layout_cave_pools, enter_bailey_4
D:8:      layout_rooms, serial_shops, shop, minmay_strange_pillars
D:9:      layout_basic, serial_corexii_hall, corexii_hall_statues_x,
          chequers_hall_statues_wall_a
D:10:     layout_big_octagon, general_overflow_altar, lair_entry_dummy,
          hellmonk_ghost_happy_afterlife, serial_shops, shop_statue, shop_coins
D:11:     layout_grid_maze, minmay_misc_feat_five
D:12:     layout_loops_ring, erik_orc_3, hangedman_decor_peaks_small,
          uniq_psyche, uniq_azrael, uniq_maurice, uniq_jorgrun

Skill      XL: |  1  2  3  4  5  6  7  8  9 10 11 |
---------------+----------------------------------+-----
Maces & Flails | 4 5 6 7 8 10 11 12 | 12.9
Fighting       | 4 5 7 8 9 |  9.8
Dodging        | 3 4 5 |  5.5
Armour         | 3 4 5 7 8 10 11 | 11.4
Stealth        | 1 |  1.5
Shields        | 1 3 |  3.5
Axes           | 5 8 |  8.9

Action                     |  1- 3 |  4- 6 |  7- 9 | 10-12 || total
---------------------------+-------+-------+-------+-------++-------
  Melee: Mace              |    65 |   155 |   245 |    81 ||   546
         Headbutt          |     6 |    20 |    52 |    33 ||   111
         Punch             |       |     3 |     2 |       ||     5
         Executioner's axe |       |       |       |    94 ||    94
 Invoke: Berserk           |     1 |       |     5 |     4 ||    10
         Trog's Hand       |     1 |       |       |       ||     1
    Use: Scroll            |       |     1 |     7 |     6 ||    14
         Potion            |       |       |       |     1 ||     1
 Armour: Animal skin       |    10 |       |       |       ||    10
         Ring mail         |    12 |    29 |       |       ||    41
         Chain mail        |       |    11 |    39 |       ||    50
         Plate armour      |       |       |    46 |    86 ||   132
  Dodge: Dodged            |    55 |   120 |   202 |   196 ||   573
  Block: Buckler           |       |       |    28 |    16 ||    44
